 Dungeon Crawl Stone Soup version 0.17-a0-877-ga10078a (webtiles) character file.

1190 hornqvist the Chopper (level 8, -5/58 HPs)
             Began as a Formicid Fighter on Apr 30, 2015.
             Was an Initiate of Gozag.
             Slain by an orc warrior
             ... wielding a +0 long sword
              (15 damage)
             ... on level 6 of the Dungeon.
             The game lasted 00:06:41 (6452 turns).

hornqvist the Chopper (Formicid Fighter)            Turns: 6452, Time: 00:06:41

Health: -5/58      AC: 11    Str: 27    XL:     8   Next: 71%
Magic:  8/8        EV:  9    Int:  9    God:    Gozag
Gold:   741        SH: 11    Dex: 10    Spells: 0 memorised, 7 levels left

rFire  + + .     SeeInvis +     l - +3 war axe
rCold  x . .     Clarity  .     D - +1 chain mail
rNeg   . . .     SustAb   .     c - +0 shield
rPois  .         Gourm    .     (helmet unavailable)
rElec  .         Spirit   .     y - +0 cloak
rCorr  .         Warding  .     (no gloves)
rMut   .         Stasis   +     (no boots)
MR     .....                    (no amulet)
Stlth  ..........               b - ring of protection from fire
                                u - ring of fire

@: mighty, not resistant to hostile enchantments, extremely unstealthy
A: permanent stasis, dig shafts and tunnels, four strong arms, antennae 3
a: Dig, Shaft Self, Potion Petition, Call Merchant, Bribe Branch, Renounce
Religion


You were on level 6 of the Dungeon.
You worshipped Gozag.
Gozag was noncommittal.
You were not hungry.

You visited 1 branch of the dungeon, and saw 6 of its levels.
You also visited: Sewer.

You collected 1190 gold pieces.
You paid 449 gold pieces to Gozag.

Inventory:

Hand weapons
 l - a +3 war axe (weapon)
 C - a +1 hand axe of chopping
Armour
 c - a +0 shield (worn)
 y - a +0 cloak (worn)
 D - a +1 chain mail (worn)
Jewellery
 b - a ring of protection from fire (right hand)
 e - an uncursed amulet of warding {unknown}
 u - a ring of fire (left hand)
Magical devices
 w - a wand of paralysis (24)
Scrolls
 f - 3 scrolls of magic mapping {unknown}
 h - 3 scrolls of remove curse
 i - 7 scrolls of identify
 k - a scroll of fear
 m - a scroll of enchant weapon
 n - a scroll of fog
 s - a scroll of immolation
Potions
 a - 3 potions of berserk rage {unknown}
 d - 2 potions of might
 g - a potion of lignification
 x - 2 potions of agility
 A - a potion of magic
Books
 j - a book of Flames

   Spells                             Type                      Level
   a - Flame Tongue                   Conjuration/Fire             1
   b - Throw Flame                    Conjuration/Fire             2
   c - Conjure Flame                  Conjuration/Fire             3
   d - Inner Flame                    Hexes/Fire                   3
   e - Sticky Flame                   Conjuration/Fire             4
   f - Fireball                       Conjuration/Fire             5


   Skills:
 - Level 3.2 Fighting
 * Level 7.3 Axes
 - Level 3.2 Armour
 + Level 4.1 Dodging
 + Level 6.8 Shields


You had 7 spell levels left.
You didn't know any spells.

Dungeon Overview and Level Annotations

Branches:
Dungeon (6/15)             Temple (0/1) D:4

Altars:
Gozag
Kikubaaqudgha
Ru
Yredelemnul
Zin

Shops:
D:5 =   D:7 (


Innate Abilities, Weirdness & Mutations

You are under a permanent stasis effect.
You can dig through walls and to a lower floor.
Your four strong arms can wield two-handed weapons with a shield.
You have a pair of large antennae on your head (SInv).


Message History

You are too injured to fight recklessly!
You are too injured to fight recklessly!
You are too injured to fight recklessly!
You are too injured to fight recklessly!
You are too injured to fight recklessly!
You are too injured to fight recklessly!
Drink which item? (? for menu, Esc to quit)
You feel very mighty all of a sudden.
The orc wizard mumbles some strange words.
The orc wizard flickers and vanishes for a moment.
The orc warrior hits you but does no damage.
You slash the orc warrior!
You hit the orc warrior but do no damage.
The orc warrior hits you but does no damage.
You slash the orc warrior!
The orc warrior hits you but does no damage.
You slash the orc warrior!
The orc warrior hits you with a long sword!
You die...
Your body crumbles into a pile of gold. #.# #.# ##.## #.# ... #.# .a. ... ooa

#.# #o# #.# #o#
#.# #o# #.# #@#
#.#
##.#####.#####.#
#...#...>......#
#..........#####
#...#.###..#
#####.#
#..######## #.#
#.......... #.#
#..######.# #.#
#..........


You could see an orc warrior, 2 worker ants, 2 orc wizards and 2 orcs.

Vanquished Creatures
  A phantom (D:4)
  2 ice beasts
  A sky beast (D:6)
  An ogre (D:5)
  3 big kobolds (Sewer)
  A crimson imp (D:5)
  2 hounds
  An orc priest (D:6)
  An iguana (D:5)
  3 orc wizards
  A hound zombie (D:5)
  3 gnolls (D:3)
  2 river rats (Sewer)
  8 adders
  2 shadow imps (D:5)
  6 oozes
  7 worms
  9 orcs
  7 ball pythons
  A bat skeleton (D:4)
  13 hobgoblins
  9 jackals
  2 quokkas
  8 bats
  7 giant cockroaches
  3 giant geckos
  2 giant gecko skeletons (D:4)
  8 giant newts
  11 goblins
  3 jackal skeletons (D:4)
  21 kobolds
  15 rats
164 creatures vanquished.

Vanquished Creatures (others)
  A human (D:2)
1 creature vanquished.

Grand Total: 165 creatures vanquished

Notes
Turn   | Place    | Note
--------------------------------------------------------------
     0 | D:1      | hornqvist, the Formicid Fighter, began the quest for the Orb.
     0 | D:1      | Reached XP level 1. HP: 18/18 MP: 1/1
    25 | D:1      | Reached XP level 2. HP: 17/24 MP: 2/2
   126 | D:1      | Reached XP level 3. HP: 21/29 MP: 3/3
   331 | D:1      | Reached skill level 4 in Shields
   539 | D:2      | Found an ancient bone altar of Kikubaaqudgha.
   661 | D:2      | Noticed a human
   663 | D:2      | Killed a human
   694 | D:2      | Found an opulent altar of Gozag.
   707 | D:2      | Became a worshipper of Gozag Ym Sagoz the Greedy
   742 | D:2      | Reached XP level 4. HP: 35/35 MP: 4/4
   801 | D:2      | Found a basalt altar of Yredelemnul.
   895 | D:2      | Found a glowing silver altar of Zin.
  1041 | D:2      | Reached skill level 1 in Dodging
  1842 | D:3      | Found a glowing drain.
  1847 | Sewer    | Entered a sewer
  1870 | Sewer    | Reached XP level 5. HP: 37/41 MP: 5/5
  2457 | Sewer    | Noticed a big kobold
  2493 | Sewer    | Killed a big kobold
  2493 | Sewer    | Reached XP level 6. HP: 33/47 MP: 6/6
  2610 | Sewer    | Noticed a big kobold
  2705 | Sewer    | Killed a big kobold
  2705 | Sewer    | Reached skill level 5 in Axes
  2705 | Sewer    | Reached skill level 5 in Shields
  2975 | Sewer    | Noticed a big kobold
  3019 | Sewer    | Killed a big kobold
  3019 | Sewer    | Reached XP level 7. HP: 39/52 MP: 7/7
  3299 | D:3      | Found a sacrificial altar of Ru.
  4028 | D:4      | Reached skill level 6 in Shields
  4381 | D:4      | Found a staircase to the Ecumenical Temple.
  4666 | D:5      | Entered Level 5 of the Dungeon
  4743 | D:5      | Reached XP level 8. HP: 58/58 MP: 8/8
  4791 | D:5      | Found Efeila Gamo's Jewellery Emporium.
  6204 | D:6      | Reached skill level 7 in Axes
  6452 | D:6      | Slain by an orc warrior

Action                   |  1- 3 |  4- 6 |  7- 9 || total
-------------------------+-------+-------+-------++-------
Melee: War axe           |    87 |   378 |   175 ||   640
       Hand axe          |       |       |   155 ||   155
Invok: Call Merchant     |       |       |     1 ||     1
 Abil: Dig               |       |     1 |       ||     1
  Use: Potion            |       |     1 |     8 ||     9
       Scroll            |       |       |    13 ||    13
 Stab: Invisible         |       |       |     1 ||     1
  Eat: Bread ration      |       |     1 |     3 ||     4
       Meat ration       |       |     1 |       ||     1
